 Dungeon Sprint DCSS version 0.27.1-33-g824d729ab1 (webtiles) character file.

Game seed: 13982396950087368169

720 Adenis the Unseen (level 7, -9/55 HPs)
             Began as a Vampire Brigand on Dec 6, 2021.
             Was an Initiate of Trog.
             Mangled by an iron imp (10 damage)
             ... summoned by a kobold demonologist
             ... in the Dungeon (Sprint I: "Red Sonja").
             The game lasted 00:01:04 (337 turns).

Adenis the Unseen (Vampire Brigand)                  Turns: 337, Time: 00:01:05

Health: -9/55      AC: -9    Str: 10    XL:     7   Next: 42%
Magic:  7/7        EV: 13    Int: 14    God:    Trog [......]
Gold:   422        SH:  0    Dex: 17    Spells: 6/6 levels left

rFire    . . .     SeeInvis +   a - +2 dagger
rCold    . . .     Faith    .   (no shield)
rNeg     . . .     Spirit   .   b - +0 robe
rPois    .         Reflect  .   (no helmet)
rElec    .         Harm     .   c - +0 cloak
rCorr    .         Rampage  .   (no gloves)
Will     .....     NoTele   +   (no boots)
Stlth    +++++++...             (no amulet)
HPRegen  0.38/turn              (no ring)
MPRegen  0.10/turn              (no ring)

@: corroded, healing quickly
A: alive, fangs 3, see invisible, vampiric 2
a: Exsanguinate, Renounce Religion


You were in the Dungeon.
You worshipped Trog.
Trog was noncommittal.
You visited 1 branch You collected 422 gold pieces.

Inventory:

Hand Weapons
 a - a +2 dagger (weapon)
Missiles
 d - 8 poisoned darts (quivered)
 e - 2 curare-tipped darts
Armour
 b - a +0 robe (worn)
 c - a +0 cloak (worn)
Wands
 l - a wand of polymorph (10)
Scrolls
 k - a scroll of blinking
Potions
 f - a potion of curing
 g - a potion of heal wounds
 h - a potion of haste
 i - 2 potions of magic
 j - a potion of berserk rage


   Skills:
 + Level 4.6 Fighting
 + Level 6.8 Short Blades
 + Level 4.1 Throwing
 + Level 2.6 Dodging
 + Level 19.5 Stealth


You had 6 spell levels left.
You didn't know any spells.
Your spell library was empty.

Dungeon Overview and Level Annotations

Branches:
Dungeon (1/1)

Altars:
Cheibriados
Dithmenos
Elyvilon
Fedhas
Gozag
Hepliaklqana
Kikubaaqudgha
Makhleb
Nemelex Xobeh
Okawaru
Qazlal
Ru
Sif Muna
Trog
Uskayaw
Vehumet
Wu Jian
Xom
Yredelemnul
Zin
The Shining One
Jiyva
Lugonu

Shops:
D [


Innate Abilities, Weirdness & Mutations

Your natural rate of healing is accelerated.
You have razor-sharp teeth.
You have supernaturally acute eyesight. (SInv)
You are afflicted with vampirism and can become a bat while bloodless.


Message History

You hit the kobold demonologist.
The kobold demonologist is lightly wounded.
The rust devil hits you. The rust devil corrodes you!
The iron imp closely misses you.
You barely miss the kobold demonologist.
The kobold demonologist is lightly wounded.
The kobold demonologist hits you with a +0 dagger.
The white imp closely misses you.
You closely miss the kobold demonologist.
You bite the kobold demonologist, but do no damage.
The kobold demonologist is lightly wounded.
The rust devil misses you. The iron imp misses you.
The kobold demonologist hits you with a +0 dagger.
You hit the kobold demonologist.
The kobold demonologist is lightly wounded.
The kobold demonologist mumbles some strange words.
The white imp hits you. The white imp freezes you. The rust devil hits you!
The rust devil corrodes you!
You hit the kobold demonologist.
Your bite misses the kobold demonologist.
The kobold demonologist is moderately wounded.
The kobold demonologist casts a spell.
The kobold demonologist mumbles some strange words.
The white imp barely misses you. The iron imp hits you.
You hit the kobold demonologist but do no damage.
The kobold demonologist is moderately wounded.
The rust devil hits you! The rust devil corrodes you!
The kobold demonologist hits you with a +0 dagger!
* * * LOW HITPOINT WARNING * * *
The kobold demonologist hits you with a +0 dagger.
* * * LOW HITPOINT WARNING * * *
Unknown command.
You hit the kobold demonologist but do no damage.
The kobold demonologist is lightly wounded.
The white imp hits you.
* * * LOW HITPOINT WARNING * * *
The white imp freezes you.
* * * LOW HITPOINT WARNING * * *
The orange demon barely misses you. The iron imp hits you!
You die...

###################
..#.)'..#__#..54@K#
..'..#..'^.'..#55K#
#'#####'#__####445+
..#...#.#### #####
###..##.# __##'#_.+
...'..._# __##_.#+#
__###+#


You could see an orange demon (summoned), 2 rust devils, 2 kobold demonologists,
2 iron imps, a crimson imp (summoned) and a white imp (summoned).

Vanquished Creatures
  A slime creature (D)
  Sigmund (D)
  A yak (D)
  A floating eye (D)
  An ogre (D)
  A jelly (D)
  Ijyb (D)
7 creatures vanquished.

Notes
Turn   | Place    | Note
-------+----------+-------------------------------------------
     0 | D        | Adenis the Vampire Brigand began the quest for the Orb.
     0 | D        | Reached XP level 1. HP: 16/16 MP: 1/1
   202 | D        | Noticed Ijyb
   205 | D        | Killed Ijyb
   206 | D        | Reached skill level 9 in Stealth
   206 | D        | Reached XP level 2. HP: 23/23 MP: 2/2
   208 | D        | Noticed an ogre
   223 | D        | Killed an ogre
   224 | D        | Reached skill level 12 in Stealth
   224 | D        | Gained mutation: You are afflicted with vampirism and can
                  | become a bat while bloodless. [Vampire growth]
   224 | D        | Reached XP level 3. HP: 29/29 MP: 3/3
   224 | D        | Reached XP level 4. HP: 35/35 MP: 4/4
   237 | D        | Noticed Sigmund
   240 | D        | Killed Sigmund
   241 | D        | Reached skill level 5 in Short Blades
   241 | D        | Reached skill level 15 in Stealth
   241 | D        | Reached XP level 5. HP: 42/42 MP: 5/5
   254 | D        | Found an ornate altar of the Wu Jian Council.
   254 | D        | Found a shimmering blue altar of Sif Muna.
   256 | D        | Found a radiant altar of Vehumet.
   261 | D        | Reached skill level 16 in Stealth
   261 | D        | Reached XP level 6. HP: 48/48 MP: 6/6
   264 | D        | Found Kotek's Armour Emporium.
   264 | D        | Found an ancient bone altar of Kikubaaqudgha.
   264 | D        | Found a hazy altar of Hepliaklqana.
   264 | D        | Found a stormy altar of Qazlal.
   264 | D        | Found a hide-covered altar of Uskayaw.
   264 | D        | Found a blossoming altar of Fedhas.
   264 | D        | Found a bloodstained altar of Trog.
   264 | D        | Found an iron altar of Okawaru.
   264 | D        | Found a basalt altar of Yredelemnul.
   264 | D        | Found a snail-covered altar of Cheibriados.
   264 | D        | Found a sacrificial altar of Ru.
   264 | D        | Found a shadowy altar of Dithmenos.
   264 | D        | Noticed a yak
   265 | D        | Found an opulent altar of Gozag.
   266 | D        | Killed a yak
   267 | D        | Reached skill level 17 in Stealth
   267 | D        | Found a sparkling altar of Nemelex Xobeh.
   272 | D        | Became a worshipper of Trog the Wrathful
   304 | D        | Found a burning altar of Makhleb.
   304 | D        | Found a viscous altar of Jiyva.
   304 | D        | Found a shimmering altar of Xom.
   304 | D        | Found a corrupted altar of Lugonu.
   304 | D        | Noticed a slime creature
   307 | D        | Killed a slime creature
   308 | D        | Reached skill level 18 in Stealth
   308 | D        | Reached XP level 7. HP: 55/55 MP: 7/7
   321 | D        | Noticed a kobold demonologist
   322 | D        | Noticed a kobold demonologist
   325 | D        | Reached skill level 19 in Stealth
   330 | D        | Noticed a rust devil
   335 | D        | Noticed a rust devil
   336 | D        | Noticed an orange demon
   337 | D        | HP: 1/55 [white imp[a kobold demonologist] (3)]
   337 | D        | Mangled by an iron imp

Illustrated notes

Levels and vault maps discovered:
D:        dungeon_sprint_1 [red_sonja_temple_1, red_sonja_temple_small_1]

Skill      XL: |  1  2  3  4  5  6  7 |
---------------+----------------------+-----
Fighting       | 2 3 4 |  4.6
Throwing       | 2 3 4 |  4.1
Stealth        | 9 12 15 16 18 19 | 19.5
Short Blades   | 3 5 6 |  6.8
Dodging        | 2 |  2.6

Action                   |  1- 3 |  4- 6 |  7- 9 || total
-------------------------+-------+-------+-------++-------
Melee: Dagger            |    16 |     4 |    13 ||    33
       Bite              |     5 |       |     2 ||     7
 Stab: Sleeping          |     1 |     4 |     1 ||     6
Armor: Robe              |       |       |     1 ||     1
Dodge: Dodged            |     8 |       |    10 ||    18
